 Dungeon Crawl Stone Soup version 0.15-a0-1656-gb4d1502 (console) character file.

1003 Mac the Grappler (level 8, -2/74 HPs)
             Began as a Troll Fighter on June 23, 2014.
             Splashed by a jelly's acid (16 damage)
             ... on Level 6 of the Dungeon.
             The game lasted 00:08:41 (1828 turns).

Mac the Grappler (Troll Fighter)                    Turns: 1828, Time: 00:08:41

HP  -2/74        AC -10    Str 27      XL: 8   Next:  0%
MP   3/3         EV  8     Int  4      God:
Gold 184         SH  9     Dex  9      Spells:  0 memorised,  7 levels left

rFire  . . .     SeeInvis +       - Unarmed
rCold  . . .     Clarity  .     b - +0 robe
rNeg   . . .     rCorr    .     c - +0 shield
rPois  .         rRot     .     (helmet restricted)
rElec  .         Spirit   .     (no cloak)
SustAb .         Warding  .     (gloves unavailable)
rMut   .         Stasis   .     (boots unavailable)
Gourm  +                        (no amulet)
MR     .....                    z - ring of see invisible
                                o - ring of flight

@: corroded equipment, not resistant to hostile enchantments, very unstealthy
A: unfitting armour, claws 3, fast metabolism 3, gourmand, regeneration 2,
saprovore 2, shaggy fur 1, tough skin 2
a: Evoke Flight


You were on level 6 of the Dungeon.
You were not hungry.

You visited 1 branch of the dungeon, and saw 6 of its levels.

You collected 184 gold pieces.

Inventory:

Hand weapons
 e - a +3 scythe of slicing
 x - a +2 scimitar of freezing
Armour
 b - a +0 robe (worn)
 c - a +0 shield (worn)
 d - a +0 naga barding of stealth
 i - a +0 robe
 s - a +2 robe
 y - a +0 robe
Comestibles
 a - 4 meat rations
 n - 3 bread rations
Scrolls
 f - 3 scrolls of recharging {unknown}
 j - 5 scrolls of identify {unknown}
 l - 2 scrolls of amnesia {unknown}
 p - a scroll of blinking {unknown}
 u - 2 scrolls of enchant armour {unknown}
 v - a scroll of random uselessness {unknown}
 w - a scroll of magic mapping {unknown}
 B - a scroll of teleportation {unknown}
Jewellery
 o - a ring of flight (left claw)
 z - a ring of see invisible (right claw)
Potions
 h - a potion of porridge
 k - a potion of curing
 m - 2 potions of brilliance {unknown}
 q - a potion of poison {unknown}
 r - a potion of flight {unknown}
 t - 3 potions of magic {unknown}
 A - a potion of lignification {unknown}
Books
 g - a book of the Dragon

   Spells                             Type                      Level
   Flight                             Charms/Air                   3
   Cause Fear                         Hexes                        4
   Bolt of Fire                       Conjuration/Fire             6
   Dragon Form                        Transmutation                7
   Dragon's Call                      Summoning                    9


   Skills:
 - Level 2.4 Fighting
 - Level 2.4 Dodging
 - Level 2.4 Shields
 + Level 9.5 Unarmed Combat


You had 7 spell levels left.
You didn't know any spells.

Dungeon Overview and Level Annotations

Branches:
Dungeon (6/15)
 Temple: D:4-7

Altars:
The Shining One


Innate Abilities, Weirdness & Mutations

You are too large for most types of armour.
You have claws for hands.
Your metabolism is lightning-fast.
You like to eat raw meat.
You heal very quickly.
You can eat rotten meat.
You are covered in fur (AC +1).
You have very tough skin (AC +2).


Message History

* * * LOW HITPOINT WARNING * * *
You kill the jelly!
You have reached level 8!
The jelly hits you.
* * * LOW HITPOINT WARNING * * *
You are splashed with acid!
The acid corrodes your equipment!
The acid burns!
* * * LOW HITPOINT WARNING * * *
The jelly jiggles.
You hear a distant slurping noise.
You hear a distant slurping noise.
The jelly quivers.
You mangle the jelly!!
Your claws burn!
* * * LOW HITPOINT WARNING * * *
The jelly is heavily wounded.
The jelly closely misses you.
Drink which item? (? for menu, Esc to quit)
You feel better. The jelly hits you.
* * * LOW HITPOINT WARNING * * *
You are splashed with acid!
The acid burns!
You die...

#.#........#
#)#..##.##.#
#.#..##(##.#
#..<..Z....#
#.#.###.####
#.#Z# #.# #.#.#
#.# #.#J###.#
#.#.@J..#
#.####(.# #.#
#..######.# #.#
#........# #.#
#.#######.#
#.####.#######.
#..............
######.########
###.# .


You could see 2 jellies and a hill giant skeleton.

Vanquished Creatures
  An orc warrior (D:6)
  A black bear (D:6)
  An ogre (D:4)
  A phantom (D:4)
  Sigmund (D:3)
  2 centaurs
  2 crimson imps (D:5)
  A hound (D:4)
  3 jellies
  2 orc wizards
  2 worker ants
  Terence (D:3)
  4 adders
  A worm (D:3)
  A giant gecko (D:3)
  An ooze (D:4)
  17 orcs
  2 bats
  4 hobgoblins
  8 jackals
  2 kobolds
  3 quokkas
  A giant cockroach (D:1)
  A giant gecko zombie (D:6)
  5 goblins
  A goblin zombie (D:5)
  5 rats
  A rat skeleton (D:5)
75 creatures vanquished.

Notes
Turn   | Place    | Note
--------------------------------------------------------------
     0 | D:1      | Mac, the Troll Fighter, began the quest for the Orb.
     0 | D:1      | Reached XP level 1. HP: 22/22 MP: 1/1
   220 | D:2      | Reached XP level 2. HP: 29/29 MP: 1/1
   276 | D:3      | Noticed Sigmund
   292 | D:3      | Reached skill level 3 in Unarmed Combat
   309 | D:4      | Noticed a phantom
   312 | D:4      | Noticed a centaur
   317 | D:4      | Reached XP level 3. HP: 31/36 MP: 2/2
   320 | D:4      | Killed a centaur
   320 | D:4      | Reached skill level 4 in Unarmed Combat
   320 | D:4      | Reached XP level 4. HP: 23/44 MP: 2/2
   333 | D:4      | Killed a phantom
   333 | D:4      | Reached skill level 5 in Unarmed Combat
   333 | D:4      | Reached XP level 5. HP: 22/50 MP: 2/2
   365 | D:3      | HP: 2/50 [something (1)]
   369 | D:3      | Killed Sigmund
   369 | D:3      | Reached skill level 6 in Unarmed Combat
   507 | D:3      | Found a glowing golden altar of the Shining One.
   524 | D:3      | Noticed Terence
   532 | D:3      | Killed Terence
   532 | D:3      | Reached XP level 6. HP: 59/59 MP: 3/3
   914 | D:4      | Noticed an ogre
   957 | D:4      | Killed an ogre
   957 | D:4      | Reached skill level 7 in Unarmed Combat
  1257 | D:5      | Entered Level 5 of the Dungeon
  1289 | D:6      | Reached skill level 8 in Unarmed Combat
  1289 | D:6      | Reached XP level 7. HP: 38/66 MP: 3/3
  1444 | D:6      | HP: 1/66 [hill giant skeleton (14)]
  1531 | D:5      | Reached skill level 9 in Unarmed Combat
  1809 | D:6      | Reached XP level 8. HP: 19/74 MP: 3/3
  1809 | D:6      | HP: 3/74 [acid (13)]
  1828 | D:6      | Splashed by a jelly's acid

Action                   |  1- 3 |  4- 6 |  7- 9 || total
-------------------------+-------+-------+-------++-------
Melee: Unarmed           |    23 |   117 |    79 ||   219
  Use: Potion            |     1 |     2 |     2 ||     5
